 Dungeon Crawl Stone Soup version 0.30.0-13-g156ef70053 (webtiles) character file.

Game seed: 7265336783324642419

2451734 freelancePsychic the Bringer of Light (level 27, 199/199 HPs)
             Began as a Gargoyle Gladiator on May 17, 2023.
             Was the Champion of the Shining One.
             Escaped with the Orb
             ... and 4 runes!
             The game lasted 02:11:03 (68412 turns).

freelancePsychic the Bringer of Light (GrGl)       Turns: 68412, Time: 02:11:04

Health: 199/199    AC: 61    Str: 23    XL:     27
Magic:  36/36      EV: 19    Int:  8    God:    the Shining One [******]
Gold:   6978       SH: 30    Dex: 17    Spells: 26/26 levels left

rFire   + . .        p - +8 sacred scourge (holy)
rCold   + + .        s - +4 tower shield {rF+}
rNeg    + + +        a - +2 pearl dragon scales
rPois   ∞            c - +2 helmet
rElec   +            Q - +4 dragonskin cloak
rCorr   +            y - +3 pair of gauntlets of War {Slay+5}
SInv    .            k - +2 pair of boots
Will    ++...        I - amulet of regeneration Stlth
                     v - ring of resist corrosion
HPRegen 1.33/turn    l - ring of protection from cold
MPRegen 0.25/turn

%: no passive effects
@: flying, glowing, studying Summonings
A: sickness immunity, AC +20, big wings, negative energy resistance 1,
electricity resistance, torment resistance 1, petrification resistance, talons
1, cold resistance 1, dopey 2, low MP 1, inability to drink after injury 1,
inability to read after injury 1
0: Orb of Zot
}: 4/15 runes: decaying, serpentine, golden, abyssal
a: Renounce Religion, Divine Shield, Cleansing Flame, Summon Divine Warrior


You escaped.
You worshipped the Shining One.
The Shining One was exalted by your worship.
You visited 12 branches of the dungeon, and saw 53 of its levels.
You visited the Abyss 3 times.
You also visited: Bailey, Ice Cave, Volcano and Desolation.

You collected 11140 gold pieces.
You spent 4162 gold pieces at shops.

Inventory:

Hand Weapons
 b - a +2 demon whip of flaming
 p - a +8 sacred scourge of holy wrath (weapon)
Missiles
 q - 2 throwing nets
 F - 3 silver javelins
 O - 5 javelins (quivered)
Armour
 a - +2 pearl dragon scales (worn)
 c - a +2 helmet (worn)
 k - a +2 pair of boots (worn)
 s - a +4 tower shield of fire resistance (worn)
 y - the +3 pair of gauntlets of War (worn) {Slay+5}
   (You found it in the Desolation of Salt)

   Slay:      It affects your accuracy & damage with ranged weapons and melee
   (+5).
 Q - the +4 dragonskin cloak (worn)
   (You took it off Tiamat on level 4 of the Realm of Zot)

   Avatar's Aegis: It grants the wearer a chance to resist fire, cold, poison,
   electricity, acid, and negative energy.
Jewellery
 h - the ring of Hattu {rPois Str+3 Dex+2}
   (You found it on level 3 of the Tomb of the Ancients)

   [ring of poison resistance]

   Str:       It affects your strength (+3).
   Dex:       It affects your dexterity (+2).
   rPois:     It protects you from poison.
 l - a ring of protection from cold (right hand)
 v - a ring of resist corrosion (left hand)
 I - an amulet of regeneration (around neck)
 M - the ring of Ixkukalo {rF+ rN++ Int-3 Dex+6}
   (You found it in the Desolation of Salt)

   [ring of protection from fire]

   Int:       It affects your intelligence (-3).
   Dex:       It affects your dexterity (+6).
   rF:        It protects you from fire.
   rN:        It greatly protects you from negative energy.
 Z - the ring "Zotun Bay" {rElec Int+6 SInv}
   (You found it on level 3 of the Tomb of the Ancients)

   [ring of intelligence]

   Int:       It affects your intelligence (+6).
   rElec:     It insulates you from electricity.
   SInv:      It lets you see invisible.
Wands
 z - a wand of mindburst (26)
 B - a wand of paralysis (43)
 K - a wand of flame (157)
 N - a wand of digging (9)
 P - a wand of polymorph (17)
 V - a wand of roots (63)
 W - a wand of acid (44)
Scrolls
 d - 4 scrolls of fear
 e - 6 scrolls of magic mapping
 f - a scroll of amnesia
 i - 12 scrolls of immolation
 n - 5 scrolls of silence
 r - a scroll of blinking
 u - 13 scrolls of noise
 x - 2 scrolls of poison
 E - 10 scrolls of vulnerability
 J - 5 scrolls of fog
 X - 21 scrolls of teleportation {@r4}
 Y - 4 scrolls of brand weapon
Potions
 g - 3 potions of ambrosia
 j - 13 potions of flight
 m - 10 potions of degeneration
 o - 2 potions of cancellation
 w - 8 potions of attraction
 A - 5 potions of invisibility
 C - 6 potions of berserk rage
 D - 2 potions of resistance
 G - 2 potions of haste {@q3}
 L - 7 potions of magic
 R - 5 potions of lignification
 T - 11 potions of curing {@q1}
Miscellaneous
 t - a lightning rod (4/4)
 H - a figurine of a ziggurat
 S - a phantom mirror
 U - a phial of floods


   Skills:
 O Level 27 Fighting
 - Level 20.0 Maces & Flails
 - Level 1.7 Throwing
 + Level 22.1 Armour
 + Level 16.1 Dodging
 - Level 2.1 Stealth
 O Level 27 Shields
 O Level 27 Invocations
 - Level 7.7 Evocations


You had 26 spell levels left.
You didn't know any spells.
Your spell library contained the following spells:

 Spells                   Type           Power      Damage    Failure   Level
 Apportation              Tloc           0%         N/A       61%         1
 Beastly Appendage        Tmut           0%         N/A       61%         1
 Foxfire                  Conj/Fire      0%         2x1d4     61%         1
 Kiss of Death            Conj/Necr      0%         2d5       61%         1
 Magic Dart               Conj           0%         1d3       61%         1
 Necrotise                Necr           0%         1d4       61%         1
 Shock                    Conj/Air       0%         1d3       61%         1
 Slow                     Hex            0%         N/A       61%         1
 Summon Small Mammal      Summ           0%         N/A       61%         1
 Blink                    Tloc           0%         N/A       75%         2
 Lesser Beckoning         Tloc           0%         N/A       75%         2
 Momentum Strike          Conj/Tloc      0%         3d8       75%         2
 Scorch                   Fire           0%         2d5       75%         2
 Searing Ray              Conj           0%         2d4       75%         2
 Wereblood                Tmut           0%         N/A       75%         2
 Call Canine Familiar     Summ           0%         N/A       93%         3
 Confusing Touch          Hex            0%         N/A       93%         3
 Dazzling Flash           Conj/Hex       0%         N/A       93%         3
 Frozen Ramparts          Ice            0%         1d1       93%         3
 Gell's Gravitas          Tloc           0%         N/A       93%         3
 Ignite Poison            Fire/Tmut/Pois 0%         N/A       93%         3
 Inner Flame              Hex/Fire       0%         N/A       93%         3
 Mephitic Cloud           Conj/Pois/Air  0%         N/A       93%         3
 Ozocubu's Armour         Ice            0%         N/A       93%         3
 Portal Projectile        Hex/Tloc       0%         N/A       93%         3
 Spider Form              Tmut/Pois      0%         N/A       93%         3
 Stone Arrow              Conj/Erth      0%         3d7       93%         3
 Summon Guardian Golem    Hex/Summ       0%         N/A       93%         3
 Swiftness                Air            0%         N/A       93%         3
 Teleport Other           Tloc           0%         N/A       93%         3
 Tukima's Dance           Hex            0%         N/A       93%         3
 Vampiric Draining        Necr           0%         2d6       93%         3
 Volatile Blastmotes      Fire/Tloc      0%         2d10      93%         3
 Airstrike                Air            0%         2d(0-16)  100%        4
 Flame Wave               Conj/Fire      0%         2d4       100%        4
 Fulminant Prism          Conj/Hex       0%         3d5       100%        4
 Ice Form                 Ice/Tmut       0%         N/A       100%        4
 Iskenderun's Mystic Bla  Conj/Tloc      0%         2d3       100%        4
 Leda's Liquefaction      Hex/Erth       0%         N/A       100%        4
 Olgreb's Toxic Radiance  Pois           0%         N/A       100%        4
 Passage of Golubria      Tloc           0%         N/A       100%        4
 Petrify                  Tmut/Erth      0%         N/A       100%        4
 Sticky Flame             Conj/Fire      0%         2d3       100%        4
 Summon Ice Beast         Ice/Summ       0%         N/A       100%        4
 Summon Lightning Spire   Summ/Air       0%         N/A       100%        4
 Agony                    Necr           0%         N/A       100%        5
 Alistair's Intoxication  Tmut/Pois      0%         N/A       100%        5
 Arcjolt                  Conj/Air       0%         1d10      100%        5
 Blade Hands              Tmut           0%         N/A       100%        5
 Borgnjor's Vile Clutch   Necr/Erth      0%         N/A       100%        5
 Fireball                 Conj/Fire      0%         3d3       100%        5
 Irradiate                Conj/Tmut      0%         3d11      100%        5
 Iskenderun's Battlesphe  Conj           0%         2d6       100%        5
 Lee's Rapid Deconstruct  Erth           0%         3d4*      100%        5
 Metabolic Englaciation   Hex/Ice        0%         N/A       100%        5
 Silence                  Hex/Air        0%         N/A       100%        5
 Summon Forest            Summ/Tloc      0%         N/A       100%        5
 Yara's Violent Unravell  Hex/Tmut       0%         3d3       100%        5
 Conjure Ball Lightning   Conj/Air       0%         3x3d6     100%        6
 Dispersal                Tloc           0%         N/A       100%        6
 Eringya's Noxious Bog    Tmut/Pois      0%         N/A       100%        6
 Iron Shot                Conj/Erth      0%         9d1       100%        6
 Plasma Beam              Fire/Air       0%         2x1d11    100%        6
 Simulacrum               Ice/Necr       0%         N/A       100%        6
 Starburst                Conj/Fire      0%         6d3       100%        6
 Summon Cactus Giant      Summ           0%         N/A       100%        6
 Dragon Form              Tmut           0%         N/A       100%        7
 Orb of Destruction       Conj           0%         9d5       100%        7
 Ozocubu's Refrigeration  Ice            0%         4d7       100%        7
 Spellforged Servitor     Conj/Summ      0%         N/A       100%        7
 Storm Form               Tmut/Air       0%         N/A       100%        7
 Summon Hydra             Summ           0%         N/A       100%        7
 Discord                  Hex            0%         N/A       100%        8
 Ignition                 Fire           0%         3d3       100%        8
 Maxwell's Capacitive Co  Air            0%         ∞         100%        8
 Chain Lightning          Conj/Air       0%         N/A       100%        9
 Polar Vortex             Ice            0%         N/A       100%        9
 Cigotuvi's Dreadful Rot  Necr/Pois/Air  Unusable   N/A       N/A         2
 Sublimation of Blood     Necr           Unusable   N/A       N/A         2
 Statue Form              Tmut/Erth      Unusable   N/A       N/A         6

Dungeon Overview and Level Annotations

Branches:
Dungeon (15/15)            Temple (1/1) D:7            Lair (5/5) D:8
  Swamp (4/4) Lair:3        Snake (4/4) Lair:2        Slime (0/5) Lair:4
    Orc (2/2) D:10            Elf (3/3) Orc:2        Vaults (4/5) D:13
  Crypt (3/3) Vaults:3       Tomb (3/3) Crypt:3      Depths (4/4) D:15
    Zot (5/5) Depths:4     Bailey (visited)           IceCv (visited)
Volcano (visited)         Desolation (visited)

Altars:
Ashenzari
Cheibriados
Dithmenos
Elyvilon
Fedhas
Gozag
Hepliaklqana
Kikubaaqudgha
Makhleb
Nemelex Xobeh
Okawaru
Qazlal
Ru
Sif Muna
Uskayaw
Vehumet
Wu Jian
Xom
Yredelemnul
Zin
The Shining One

Shops:
D:8 !   D:9 [   Orc:2 *([(*   Elf:2 =:=:?   Elf:3 [   Vaults:2 =(!?
Vaults:4 *   Depths:3 :!   Depths:4 *

Portals:
Hell: Depths:1 Depths:2 Depths:3 Depths:4
Abyss: Depths:2 Depths:3
Pandemonium: Depths:2 Depths:3
Ziggurat: Depths:3
Trove: D:14 (give +7 demon whip)

Annotations:
D:8 Boris
Lair:1 exclusion: oklob plant
Elf:2 3 runed translucent doors


Innate Abilities, Weirdness & Mutations

You are immune to sickness and miasma.
Your stone body is resilient. (AC +20)
You are immune to poison.
Your large and strong wings let you fly.
You resist negative energy. (rN+)
You are resistant to electric shocks. (rElec)
You are resistant to unholy torment.
You are immune to petrification.
You have sharp toenails.
Your flesh is cold resistant. (rC+)
You are very dopey. (Int -4)
Your magical capacity is low. (-10% MP)
You occasionally lose the ability to drink potions when taking damage.
You occasionally lose the ability to read scrolls when taking damage.


Message History

A lorocyproca comes into view.
Unknown command.
The lorocyproca gives a chilling moan.
There is a stone staircase leading up here.
You fly upwards.
There is a stone staircase leading down here.
(D) Dungeon (T) Temple (L) Lair (S) Swamp (P) Snake Pit (M) Slime Pits (O) Orcish Mines (E) Elven Halls (V) Vaults (C) Crypt (W) Tomb (U) Depths (H) Hell (Z) Zot
Where to? (Enter - D:1 @ (x,y), ? - help)
A hellion comes into view.
The hellion gives a hideous shriek!
You whack the hellion!
The hellion convulses!
The hellion is heavily wounded.
The hellion gestures at you.
The sphere of damnation explodes!
The damnation engulfs you!!
The damnation engulfs the hellion.
The hellion completely resists.
You punish the hellion, causing immense pain!!!
You kill the hellion!
The Shining One accepts your kill.
You feel better.
No target in view!
(D) Dungeon (T) Temple (L) Lair (S) Swamp (P) Snake Pit (M) Slime Pits (O) Orcish Mines (E) Elven Halls (V) Vaults (C) Crypt (W) Tomb (U) Depths (H) Hell (Z) Zot
Where to? (Enter - D:1 @ (x,y), ? - help)
You see here a +0 club.
HP restored.
There is a stone staircase leading up here.
You fly upwards.
There is a stone staircase leading down here.
There is a stone staircase leading up here.
You fly upwards.
There is a stone staircase leading down here.
There is an escape hatch in the ceiling here.
A mysterious force pulls you upwards. The hatch slams shut behind you.
There is a staircase leading out of the dungeon here.
You have escaped!

#.#.#...>.....###..##.#####.# #.
#...#....##...).......# #.# ##
#####..#.#...#.....#..## #.#
.......#.#...##...##...## #.#
.......#.....###.###....# #.#
..........#### #.# ####.###.#
...........## ##.## ##....#.#
......##....###...###...#.#'#####
......##........@...............#
##....##....###...###...........#
##.#..##...## ##.## ##..........#
).........#### #.# ####.........#
#####.#......###.###..........^.#
..)..........##...##...#........#
#######..###.#.....#.###........#
#..# #.........# ##########
#..####......###


There were no monsters in sight!

Vanquished Creatures
  A dread lich (Zot:5)
  Tiamat (Zot:4)
  2 ancient liches
  Mara (Vaults:2)
  9 orbs of fire
  Mennas (Vaults:4)
  Josephina (Zot:1)
  27 royal mummies
  the Lernaean hydra (Swamp:4)
  Boris (4 times) (Depths:4 Tomb:2 Tomb:1)
  10 pandemonium lords
  Bai Suzhen (Vaults:2)
  3 caustic shrikes (Depths:3)
  7 Killer Klowns
  A curse toe (Zot:2)
  3 profane servitors
  Nikola (Swamp:1)
  10 golden dragons
  the Enchantress (Depths:4)
  2 bone dragons (Zot:4)
  2 doom hounds (Zot:3)
  2 electric golems
  9 Tzitzimimeh
  6 Brimstone Fiends
  Mlioglotl (Swamp:2)
  2 Ice Fiends
  14 tentacled monstrosities
  Rupert (D:12)
  Grunn (Zot:3)
  5 Hell Sentinels
  Asterion (Snake:4)
  6 liches
  A walking frostbound tome (Depths:3)
  40 Orb Guardians
  8 quicksilver dragons
  2 deep elf blademasters (Elf:3)
  2 deep elf master archers (Elf:3)
  A titan (Depths:3)
  A walking divine tome (Depths:3)
  4 Executioners
  10 death cobs
  7 ancient champions
  Gastronok (D:9)
  9 sphinxes
  3 tentacled starspawn (Abyss:3)
  16 storm dragons
  Kirke (D:12)
  6 shadow dragons
  Roxanne (Snake:4)
  2 tengu reavers
  2 demonspawn warmongers
  6 revenants
  2 azure jellies (IceCv)
  10 draconian monks
  8 nagarajas
  A rockslime (IceCv)
  A fenstrider witch (Swamp:4)
  8 draconian knights
  3 imperial myrmidons (Desolation)
  3 deep elf sorcerers (Elf:3)
  7 vault wardens
  5 ghost moths
  The ghost of javelincjr the Thaumaturge, a journeyman DsFE of Sif Muna (Elf:1)
  9 balrugs
  2 curse skulls (Crypt:3)
  A frost giant (Depths:1)
  2 draconian scorchers
  4 fire giants
  Aizul (Swamp:1)
  2 caustic shrike zombies (Crypt:2)
  4 iron dragons
  5 cacodemons
  7 deep elf elementalists (Elf:3)
  12 ironbound preservers
  A spectral juggernaut (Crypt:3)
  3 spriggan defenders
  7 draconian stormcallers
  11 ghouls
  7 reapers
  5 angels
  7 draconian shifters
  An orc warlord (Bailey)
  A demonspawn blood saint (Tomb:2)
  27 very ugly things
  10 draconian annihilators
  6 deep elf demonologists
  5 stone giants
  4 quicksilver oozes (IceCv)
  A juggernaut skeleton (Crypt:3)
  A war gargoyle (Vaults:4)
  6 ironbound thunderhulks
  4 eleionomae
  11 black draconians
  A putrid mouth (Zot:3)
  6 vampire knights
  11 green draconians
  7 spark wasps
  7 deep elf annihilators (Elf:3)
  17 purple draconians
  4 lorocyprocas
  13 bennus
  13 yellow draconians
  3 bunyips
  10 white draconians
  11 dire elephants
  13 red draconians
  2 halazid warlocks (Desolation)
  8 eidola (Crypt:3)
  7 fire dragons
  11 ettins
  3 jiangshi
  4 green deaths
  3 deep elf death magi
  6 blizzard demons
  3 crystal guardians
  7 ragged hierophants (Desolation)
  20 mummy priests
  A shambling mangrove (Swamp:2)
  An entropy weaver (Vaults:4)
  10 yaktaur captains
  A spectral spriggan (Crypt:3)
  Erolcha (D:9)
  2 deep elf high priests
  2 spriggan zombies
  A salamander tyrant (Snake:3)
  6 rakshasas
  5 hell beasts
  12 ice dragons
  3 ghost crabs
  9 great orbs of eyes
  14 vault guards
  A catoblepas (Lair:5)
  8 peacekeepers
  Harold (D:9)
  8 ironbound frosthearts
  4 spriggan air magi
  5 servants of whispers (Desolation)
  19 hydras
  A bennu zombie (Crypt:1)
  13 dancing weapons
  6 two-headed ogres
  5 boulder beetles
  36 death scarabs
  16 anacondas
  15 centaur warriors
  An Orb Guardian skeleton (Crypt:1)
  17 death yaks
  5 deep troll shamans
  2 death knights (Vaults:3)
  A spectral dire elephant (Crypt:3)
  11 naga warriors
  9 alligators
  4 orc high priests (Orc:2)
  5 thrashing horrors (Abyss:3)
  5 spriggan skeletons
  4 deep troll earth magi
  4 spriggan berserkers (Depths:4)
  A tengu warrior (D:14)
  Sonja (Lair:4)
  28 sun demons
  9 shock serpents
  7 naga sharpshooters
  3 hell hogs
  3 vampire magi
  7 deep elf knights
  3 wretched stars (Abyss:3)
  A hell knight (Depths:3)
  8 sixfirhies
  6 spriggans
  11 soul eaters
  An emperor scorpion zombie (Crypt:1)
  3 skysharks
  3 goliath frogs
  23 skeletal warriors
  7 sea snakes (Snake:4)
  16 shadow wraiths (Crypt:3)
  A spriggan druid (Swamp:1)
  4 salamander mystics
  2 shadow demons
  29 deep trolls
  4 glowing orange brains
  A cherub (Tomb:1)
  6 flayed ghosts
  An obsidian statue (Zot:5)
  A quicksilver dragon simulacrum (Zot:1)
  2 iron trolls (Depths:3)
  Lodul (D:14)
  A spriggan simulacrum (Crypt:1)
  8 naga ritualists
  10 swamp dragons
  4 harpies (Vaults:3)
  21 bog bodies
  10 deep elf archers
  25 ironbound convokers
  13 lindwurms
  2 orange crystal statues (IceCv)
  3 orc knights (Orc:2)
  2 anaconda skeletons
  9 wizards
  20 phantasmal warriors
  26 deep elf zephyrmancers
  A spectral alligator snapping turtle (Crypt:3)
  12 mana vipers
  21 deep elf pyromancers
  4 necromancers
  3 cyclopes
  A spectral ettin (Crypt:3)
  4 orc sorcerers
  39 ugly things
  A worldbinder (Abyss:3)
  7 will-o-the-wisps
  2 oklob plants (Lair:4)
  5 manticores
  3 goliath frog skeletons
  An iron dragon skeleton (Crypt:1)
  Joseph (D:8)
  24 salamanders
  A fire giant skeleton (Vaults:1)
  33 moths of wrath
  16 guardian serpents
  15 elephants
  Maurice (D:9)
  A spectral centaur (Crypt:3)
  A titan simulacrum (Crypt:2)
  51 black mambas
  A guardian serpent (shapeshifter) (Elf:1)
  2 stone giant skeletons
  12 smoke demons
  5 toenail golems (Volcano)
  A rust devil (Tomb:1)
  21 naga magi
  2 demonic crawlers (Tomb:1)
  Maggie (D:9)
  22 vault sentinels
  7 torpor snails
  3 molten gargoyles
  11 cane toads
  An elephant slug zombie (Crypt:2)
  7 orange demons
  A dire elephant skeleton (Tomb:2)
  7 rime drakes
  A purple draconian zombie (Crypt:1)
  16 komodo dragons
  4 centaur skeletons
  4 hellions
  An unseen horror (D:10)
  A yaktaur (shapeshifter) (Depths:3)
  3 tengu conjurers
  7 tormentors
  17 yaktaurs
  A spectral naga (Crypt:3)
  14 freezing wraiths
  A human skeleton (Vaults:1)
  A pale draconian skeleton (Crypt:3)
  2 golden dragon simulacra
  61 guardian mummies
  A harpy zombie (Abyss:3)
  4 ice devils
  3 efreet
  9 hellwings
  An ancient zyme (Abyss:3)
  4 red devils
  A yellow draconian skeleton (Crypt:2)
  14 hornets
  A shadow dragon simulacrum (Zot:1)
  A bloated husk (Swamp:2)
  A catoblepas skeleton (Crypt:1)
  A hydra skeleton (Crypt:2)
  Prince Ribbit (D:7)
  A boulder beetle zombie (Crypt:1)
  6 trolls
  Grinder (D:4)
  2 polar bears (Lair:2)
  19 blink frogs
  8 tyrant leeches
  A tarantella zombie (Crypt:1)
  57 saltlings (Desolation)
  A harpy skeleton (Abyss:3)
  9 raiju (Abyss:3)
  A draconian simulacrum (Zot:1)
  28 flying skulls
  6 air elementals
  A black mamba zombie (Crypt:2)
  6 water elementals
  12 shadows
  An ice dragon skeleton (Crypt:3)
  A dire elephant simulacrum (Abyss:3)
  35 slime creatures
  12 large abominations
  11 ushabtiu
  3 wyverns
  10 wraiths
  12 ynoxinuls
  2 vampires
  9 golden eyes
  9 starcursed masses (Abyss:3)
  49 yaks
  4 basilisks
  4 steam dragons
  8 chaos spawn
  2 fire elementals
  12 vampire mosquitoes
  9 neqoxecs
  A redback (Vaults:4)
  Menkaure (D:7)
  51 nagas
  A warg (Orc:1)
  18 swamp worms
  6 acid dragons
  2 hell hounds (Lair:3)
  2 black bears
  18 water moccasins
  3 naga skeletons
  9 swamp drakes
  33 orc warriors
  A great orb of eyes simulacrum (IceCv)
  A sky beast (Abyss:3)
  A boggart (Vaults:2)
  11 ogres
  13 wolves
  7 centaurs
  A swamp dragon skeleton (Crypt:3)
  An elephant skeleton (Crypt:3)
  5 slime creature simulacra (IceCv)
  13 bullfrogs
  3 kobold brigands
  Blork the orc (D:4)
  A necrophage (Crypt:1)
  4 scorpions
  A salamander skeleton (Crypt:1)
  8 glowing shapeshifter simulacra (IceCv)
  4 small abominations
  2 draconian skeletons
  4 earth elementals
  7 wights
  2 troll zombies (Swamp:4)
  11 killer bees
  A yak skeleton (Crypt:1)
  3 troll skeletons
  4 howler monkeys
  A quasit (Abyss:3)
  7 hounds
  An iron imp (Abyss:3)
  9 jellies
  14 orc priests
  A gnoll bouda (D:5)
  Jessica (D:2)
  9 iguanas
  24 orc wizards
  3 hell rats (Lair:5)
  A boggart skeleton (D:13)
  A deep dwarf skeleton (Crypt:2)
  47 mummies
  A howler monkey zombie (Crypt:2)
  18 gnolls
  8 adders
  2 white imps (D:5)
  8 worms
  3 dart slugs
  82 orcs
  13 endoplasms
  2 giant cockroaches
  16 goblins
  13 hobgoblins
  32 kobolds
  7 ball pythons
  6 bats
  A frilled lizard (D:1)
  3 rats
  A starspawn tentacle (Abyss:3)
2757 creatures vanquished.

Vanquished Creatures (collateral kills)
  An orb of fire (Zot:5)
  3 royal mummies (Tomb:3)
  Boris (Tomb:3)
  A caustic shrike (Depths:3)
  A Tzitzimitl (Tomb:3)
  2 Brimstone Fiends
  An electric golem (Zot:5)
  Jorgrun (D:14)
  A tentacled monstrosity (Zot:1)
  A lich (Depths:4)
  6 Orb Guardians
  A quicksilver dragon (Depths:4)
  A sphinx (Tomb:1)
  A shadow dragon (Depths:4)
  An Executioner (Tomb:3)
  An ancient champion (Tomb:3)
  2 fire giants
  A draconian knight (Zot:4)
  A demonspawn warmonger (Tomb:3)
  A draconian stormcaller (Depths:4)
  A draconian scorcher (Zot:1)
  A reaper (Tomb:3)
  A spriggan defender (Depths:4)
  2 draconian annihilators
  A demonspawn black sun (Tomb:3)
  3 bennus
  A red draconian (Zot:5)
  2 yellow draconians
  2 spark wasps (Depths:4)
  A white draconian (Zot:4)
  A mummy priest (Tomb:3)
  A spriggan air mage (Depths:4)
  2 hell beasts (Depths:4)
  A sun demon (Tomb:2)
  An orc knight (Orc:2)
  An unseen horror (D:12)
  A kobold demonologist (D:12)
  A tengu conjurer (D:14)
  A red devil (Tomb:2)
  9 guardian mummies
  A hellwing (Tomb:2)
  A raiju (Abyss:3)
  4 flying skulls (Tomb:3)
  A black mamba zombie (Tomb:3)
  3 ushabtiu (Tomb:3)
  A neqoxec (Abyss:3)
  An orc warrior (D:12)
  A small abomination (Abyss:3)
  3 starcursed masses (Abyss:3)
  8 mummies
  3 orcs
90 creatures vanquished.

Vanquished Creatures (others)
  3 pandemonium lords (Tomb:1)
  A Tzitzimitl (Tomb:1)
  An Orb Guardian (Tomb:1)
  3 sphinxes (Tomb:1)
  A fire giant (Depths:3)
  An anaconda (Snake:4)
  A naga warrior (Snake:1)
  A deep elf pyromancer (Elf:1)
  A deep elf zephyrmancer (Elf:1)
  A tormentor (Tomb:1)
  A meliai (Zot:5)
  3 bloated husks
  A hellwing (Tomb:1)
  4 flying skulls (Tomb:1)
  A shadow (D:12)
  A naga (Snake:3)
  A boggart (Vaults:2)
  A hell rat (Lair:5)
  A mummy (Tomb:1)
  2 orcs
  A kobold (D:7)
  A butterfly (D:9)
  24 foxfires
  8 starspawn tentacles (Abyss:3)
64 creatures vanquished.

Grand Total: 2911 creatures vanquished

Notes
Turn   | Place    | Note
-------+----------+-------------------------------------------
     0 | D:1      | freelancePsychic the Gargoyle Gladiator began the quest for
                  | the Orb.
     0 | D:1      | Reached XP level 1. HP: 12/12 MP: 1/1
    82 | D:1      | Reached XP level 2. HP: 16/18 MP: 2/2
   149 | D:1      | Reached skill level 1 in Stealth
   352 | D:1      | Found a faded altar of an unknown god.
   364 | D:1      | Prayed at the altar of an unknown god.
   364 | D:1      | Became a worshipper of the Shining One
   364 | D:1      | Reached * piety under the Shining One
   460 | D:1      | Reached XP level 3. HP: 22/22 MP: 3/3
   717 | D:2      | Noticed Jessica
   724 | D:2      | Killed Jessica
   725 | D:2      | Reached XP level 4. HP: 24/27 MP: 4/4
  1238 | D:3      | Found a shimmering blue altar of Sif Muna.
  1246 | D:3      | Found a shimmering altar of Xom.
  1638 | D:2      | Reached XP level 5. HP: 30/32 MP: 5/5
  1662 | D:1      | Reached skill level 1 in Invocations
  1967 | D:4      | Noticed Blork the orc
  1978 | D:4      | Killed Blork the orc
  2089 | D:4      | Reached skill level 5 in Maces & Flails
  2089 | D:4      | Reached XP level 6. HP: 32/38 MP: 7/7
  2254 | D:4      | Noticed Grinder
  2278 | D:4      | Killed Grinder
  2279 | D:4      | Reached XP level 7. HP: 37/44 MP: 7/9
  2453 | D:4      | Found a sparkling altar of Nemelex Xobeh.
  2641 | D:5      | Entered Level 5 of the Dungeon
  2727 | D:5      | Reached skill level 5 in Fighting
  2814 | D:5      | Reached XP level 8. HP: 40/49 MP: 9/11
  2934 | D:5      | Identified the +0 robe of the Unseen Realm {rF+ rC+++ Str-4
                  | Slay+3}
  3535 | D:5      | Reached ** piety under the Shining One
  3627 | D:5      | Found an ornate altar of the Wu Jian Council.
  3871 | D:5      | Found a glowing silver altar of Zin.
  3871 | D:5      | Noticed an angel
  3990 | D:6      | Reached skill level 5 in Invocations
  4703 | D:6      | Found a broken altar of Ashenzari.
  4967 | D:7      | Noticed a hornet
  4986 | D:6      | Reached XP level 9. HP: 36/56 MP: 11/13
  5317 | D:7      | Noticed Menkaure
  5324 | D:7      | Killed Menkaure
  5458 | D:7      | Found a hazy altar of Hepliaklqana.
  5460 | D:7      | Found a shadowy altar of Dithmenos.
  5488 | D:7      | Noticed Prince Ribbit
  5512 | D:7      | Killed a hornet
  5518 | D:7      | Killed Prince Ribbit
  5803 | D:7      | Found a radiant altar of Vehumet.
  5803 | D:7      | Found a sacrificial altar of Ru.
  5918 | D:7      | Found a staircase to the Ecumenical Temple.
  6016 | D:7      | Reached skill level 10 in Maces & Flails
  6168 | D:8      | Reached XP level 10. HP: 63/64 MP: 15/15
  6349 | D:8      | Noticed Joseph
  6394 | D:8      | Killed Joseph
  6478 | D:8      | Noticed a death yak
  6479 | D:8      | Noticed a death yak
  6480 | D:8      | Noticed a death yak
  6480 | D:8      | Reached *** piety under the Shining One
  6548 | D:8      | Noticed a death yak
  6719 | D:9      | Noticed Erolcha
  6719 | D:9      | Noticed Harold
  6818 | D:9      | Killed Erolcha
  6957 | D:9      | Identified a scroll of acquirement
  6957 | D:9      | Acquired the +2 pair of gloves "Laivoc" {Drain rF+ Int+2}
  7004 | D:9      | Found Kocwodgh's Armour Shoppe.
  7070 | D:9      | Noticed a centaur warrior
  7071 | D:9      | Killed Harold
  7073 | D:9      | Noticed a centaur warrior
  7074 | D:9      | Killed a centaur warrior
  7075 | D:9      | Noticed a rakshasa
  7075 | D:9      | Noticed a centaur warrior
  7094 | D:9      | Noticed Gastronok
  7102 | D:9      | Noticed a two-headed ogre
  7104 | D:9      | Killed a centaur warrior
  7105 | D:9      | Reached XP level 11. HP: 28/71 MP: 2/17
  7114 | D:9      | Killed a rakshasa
  7116 | D:9      | Killed a centaur warrior
  7313 | D:9      | Noticed a two-headed ogre
  7339 | D:9      | Killed a two-headed ogre
  7359 | D:9      | Killed a two-headed ogre
  7360 | D:9      | Reached skill level 10 in Fighting
  7643 | D:9      | Noticed Maurice
  7658 | D:9      | Killed Maurice
  7889 | D:9      | Noticed Maggie
  7911 | D:9      | Killed Maggie
  8036 | D:9      | Noticed a two-headed ogre
  8045 | D:9      | Killed a two-headed ogre
  8188 | D:9      | Found a white marble altar of Elyvilon.
  8383 | D:9      | Identified the staff of air "Salyleif" {rElec rC+}
  8406 | D:9      | Found a hide-covered altar of Uskayaw.
  8488 | D:10     | Entered Level 10 of the Dungeon
  8515 | D:10     | Noticed a two-headed ogre
  8518 | D:10     | Found a flagged portal.
  8524 | Bailey   | Entered a bailey
  8631 | Bailey   | Reached skill level 10 in Invocations
  8767 | Bailey   | Reached XP level 12. HP: 64/78 MP: 17/19
  8957 | Bailey   | Noticed an orc warlord
  8963 | Bailey   | Killed an orc warlord
  9100 | Bailey   | Reached XP level 13. HP: 87/87 MP: 20/20
  9849 | D:10     | Acquired a +4 great mace of protection
 10023 | D:10     | Found a staircase to the Orcish Mines.
 11252 | D:8      | Found Qidgho's Distillery.
 11269 | D:8      | Bought 3 potions of haste for 330 gold pieces
 11269 | D:8      | Bought a potion of heal wounds for 55 gold pieces
 11269 | D:8      | Bought a potion of curing for 33 gold pieces
 11269 | D:8      | Bought a potion of might for 44 gold pieces
 11326 | D:8      | Found a staircase to the Lair.
 11366 | D:8      | Reached skill level 5 in Dodging
 11781 | D:8      | Found a burning altar of Makhleb.
 11781 | D:8      | Noticed a cacodemon
 11784 | D:8      | Reached **** piety under the Shining One
 11838 | Lair:1   | Entered Level 1 of the Lair of Beasts
 12333 | Lair:1   | Found a burning altar of Makhleb.
 12988 | Lair:2   | Gained mutation: Your large and strong wings let you fly.
                  | [Gargoyle growth]
 12988 | Lair:2   | Reached XP level 14. HP: 56/94 MP: 19/22
 13591 | Lair:2   | Identified the +3 ice dragon scales of Ykliexit {rF- rC++
                  | rCorr}
 13961 | Lair:2   | Reached skill level 15 in Maces & Flails
 14370 | Lair:3   | Found a staircase to the Swamp.
 14564 | Lair:3   | Found a dark tunnel.
 14576 | Volcano  | Entered a volcano
 14658 | Abyss:2  | Cast into level 2 of the Abyss (a wizard)
 14670 | Abyss:2  | Found a corrupted altar of Lugonu.
 14690 | Abyss:2  | Noticed a starcursed mass
 14783 | Abyss:3  | Reached ***** piety under the Shining One
 14796 | Abyss:3  | Noticed a tentacled starspawn
 14813 | Abyss:3  | Killed a tentacled starspawn
 14862 | Abyss:3  | Noticed a tentacled starspawn
 14874 | Abyss:3  | Killed a tentacled starspawn
 14951 | Abyss:3  | Reached XP level 15. HP: 53/101 MP: 16/24
 14960 | Volcano  | Escaped the Abyss
 15142 | Abyss:3  | Cast into level 3 of the Abyss (a wizard)
 15248 | Abyss:3  | Noticed a tentacled starspawn
 15249 | Abyss:3  | Reached skill level 15 in Fighting
 15262 | Abyss:3  | Killed a tentacled starspawn
 15373 | Abyss:3  | Gained mutation: Your body sometimes deteriorates upon
                  | taking damage. [a neqoxec]
 15416 | Abyss:3  | Found a corrupted altar of Lugonu.
 15494 | Volcano  | Escaped the Abyss
 15742 | Volcano  | Lost mutation: Your body sometimes deteriorates upon taking
                  | damage. [potion of mutation]
 15742 | Volcano  | Gained mutation: You do not regenerate when monsters are
                  | visible. [potion of mutation]
 15743 | Volcano  | Lost mutation: You do not regenerate when monsters are
                  | visible. [potion of mutation]
 15743 | Volcano  | Gained mutation: Your flesh is heat resistant. (rF+)
                  | [potion of mutation]
 15743 | Volcano  | Gained mutation: Your spells are a little harder to cast,
                  | but a little more powerful. [potion of mutation]
 16361 | Lair:4   | Found a blossoming altar of Fedhas.
 16505 | Lair:4   | Noticed Sonja
 16511 | Lair:4   | Killed Sonja
 17000 | Lair:4   | Found a staircase to the Slime Pits.
 17390 | Lair:5   | Entered Level 5 of the Lair of Beasts
 18040 | Lair:5   | Acquired the ring "Kaunlud" {Will+ Dex+6}
 18122 | Lair:5   | Reached ****** piety under the Shining One
 18131 | Lair:5   | Reached XP level 16. HP: 110/110 MP: 26/26
 18894 | Lair:5   | Found a runed translucent door.
 19373 | Lair:5   | Identified a +9 great mace of holy wrath (a +7 great mace
                  | of protection blessed by the Shining One)
 19373 | Lair:5   | Received a gift from the Shining One
 19595 | D:9      | Killed Gastronok
 19978 | D:12     | Noticed Kirke
 19991 | D:12     | Killed Kirke
 20188 | D:12     | Noticed Rupert
 20199 | D:12     | Killed Rupert
 20848 | Orc:1    | Entered Level 1 of the Orcish Mines
 21124 | Orc:2    | Entered Level 2 of the Orcish Mines
 21200 | Orc:2    | Found a staircase to the Elven Halls.
 21414 | Orc:2    | Found Fyvaeq's Assorted Antiques.
 22039 | Orc:2    | Found Sioff's Antique Weapon Shop.
 22039 | Orc:2    | Found Baug's Antique Armour Emporium.
 22041 | Orc:2    | Found Yvoeham's Weapon Shop.
 22041 | Orc:2    | Found Luhear's Assorted Antiques.
 22051 | Orc:2    | Bought a potion of heal wounds for 160 gold pieces
 22056 | Orc:2    | Bought a bloodstained plate armour for 812 gold pieces
 22056 | Orc:2    | Identified the +6 plate armour "Vumogh" {*Corrode rElec
                  | rF+} (You bought it in a shop on level 2 of the Orcish
                  | Mines)
 22095 | Orc:2    | Bought a masterwork scale mail for 243 gold pieces
 22095 | Orc:2    | Identified the +1 scale mail of Inviolability {rF++ Regen+}
                  | (You bought it in a shop on level 2 of the Orcish Mines)
 22263 | D:13     | Reached skill level 15 in Invocations
 22278 | D:13     | Found a snail-covered altar of Cheibriados.
 22402 | D:13     | Found a gate to the Vaults.
 23384 | D:14     | Found a frozen archway.
 23399 | IceCv    | Entered an ice cave
 23482 | IceCv    | Reached XP level 17. HP: 107/116 MP: 15/28
 23552 | IceCv    | Identified the staff of earth "Deogush" {Will+ Str+5}
 23786 | IceCv    | Found a viscous altar of Jiyva.
 23906 | IceCv    | Identified the amulet of Otruol {Acrobat Will+ rCorr}
 23909 | IceCv    | Identified the +1 ice dragon scales "Onuim" {rF- rC++ Str+3
                  | Int+3 Slay+2}
 24084 | D:14     | Noticed Jorgrun
 24096 | D:14     | Killed Jorgrun
 24160 | D:14     | Found a portal to a secret trove of treasure.
 24219 | D:14     | Noticed Lodul
 24245 | D:14     | Reached skill level 10 in Armour
 24270 | D:14     | Killed Lodul
 24660 | D:15     | Entered Level 15 of the Dungeon
 25285 | D:15     | Found a staircase to the Depths.
 25944 | Lair:2   | Found a staircase to the Snake Pit.
 26507 | Lair:2   | You are sucked into a shaft and drop 1 floor!
 26575 | Snake:1  | Entered Level 1 of the Snake Pit
 27081 | Snake:1  | Reached XP level 18. HP: 118/124 MP: 30/30
 29360 | Snake:4  | Entered Level 4 of the Snake Pit
 29375 | Snake:4  | Noticed Roxanne
 29399 | Snake:4  | Killed Roxanne
 29599 | Snake:4  | Noticed Asterion
 29610 | Snake:4  | Killed Asterion
 29748 | Swamp:1  | Entered Level 1 of the Swamp
 29924 | Swamp:1  | Noticed Aizul
 30019 | Swamp:1  | Noticed Nikola
 30054 | Swamp:1  | Reached XP level 19. HP: 113/132 MP: 22/31
 30067 | Swamp:1  | Killed Nikola
 30070 | Swamp:1  | Killed Aizul
 31020 | Swamp:3  | Noticed Mlioglotl
 31037 | Swamp:2  | Killed Mlioglotl
 31385 | Swamp:3  | Identified the +2 pair of gloves of the Lair of Beasts {rF+
                  | Str+2}
 31532 | Swamp:4  | Entered Level 4 of the Swamp
 31893 | Swamp:4  | Noticed the 27-headed Lernaean hydra
 31972 | Swamp:4  | Killed the 27-headed Lernaean hydra
 32054 | Swamp:4  | Got a decaying rune of Zot
 32994 | Snake:4  | Reached XP level 20. HP: 114/140 MP: 34/34
 33414 | Snake:4  | Got a serpentine rune of Zot
 33904 | Elf:1    | Entered Level 1 of the Elven Halls
 34146 | Elf:1    | Paralysed by an air elemental for 1 turns
 34150 | Elf:1    | Paralysed by an air elemental for 1 turns
 34269 | Elf:1    | Noticed a Tzitzimitl
 34274 | Abyss:3  | Cast into level 3 of the Abyss (a deep elf demonologist)
 34478 | Abyss:3  | Got an abyssal rune of Zot
 34524 | Elf:1    | Escaped the Abyss
 34830 | Elf:1    | Found a shimmering blue altar of Sif Muna.
 35065 | Elf:1    | Found a runed translucent door.
 35066 | Elf:1    | Noticed javelincjr's ghost (journeyman DsFE)
 35276 | Elf:1    | Killed javelincjr's ghost
 35305 | Elf:2    | Found Enweovoc's Tiny Tomes.
 35315 | Elf:1    | Paralysed by an air elemental for 1 turns
 35317 | Elf:1    | Paralysed by an air elemental for 1 turns
 35422 | Elf:2    | Reached skill level 15 in Armour
 35577 | Elf:2    | Paralysed by an air elemental for 1 turns
 35586 | Elf:2    | Found Riudas's Magic Scroll Boutique.
 35597 | Elf:2    | Bought a scroll of teleportation for 63 gold pieces
 35661 | Elf:2    | Found Coly's Jewellery Shoppe.
 35661 | Elf:2    | Found Nuss's Book Shop.
 35662 | Elf:2    | Found Idaejyi's Jewellery Shoppe.
 35702 | Elf:2    | Paralysed by an air elemental for 1 turns
 35708 | Elf:2    | Paralysed by an air elemental for 1 turns
 35781 | Elf:2    | Found a runed translucent gate.
 35781 | Elf:2    | Found a runed translucent gate.
 35781 | Elf:2    | Found a runed translucent gate.
 35982 | Elf:3    | Entered Level 3 of the Elven Halls
 36033 | Elf:3    | Reached XP level 21. HP: 65/146 MP: 30/35
 36193 | Elf:3    | Identified the +5 trident of the Fray {freeze, SInv}
 36210 | Elf:3    | Identified the +6 halberd "Povay" {protect, *Corrode rF+
                  | Str+5}
 36226 | Elf:3    | Identified the +5 quarterstaff "Zaxeff" {freeze, rF++ rN+
                  | Will+}
 36244 | Elf:3    | Got the Anthology of Contamination
 36262 | Elf:3    | Identified the +1 spear "Zuixkoco" {holy, rPois}
 36452 | Elf:3    | Found Qoiphuot's Antique Armour Boutique.
 36501 | Elf:3    | Bought a smouldering cloak for 294 gold pieces
 36501 | Elf:3    | Identified the -2 cloak of Fortitude {rF- Str+3 Dex+3
                  | Stlth+} (You bought it in a shop on level 3 of the Elven
                  | Halls)
 36502 | Elf:3    | Bought a spiked plate armour for 868 gold pieces
 36502 | Elf:3    | Identified the +4 plate armour "Zinigad" {Rampage rElec
                  | rN++ Str-4} (You bought it in a shop on level 3 of the
                  | Elven Halls)
 37257 | Vaults:1 | Entered Level 1 of the Vaults
 38358 | Vaults:1 | Reached skill level 10 in Dodging
 38738 | Vaults:2 | Noticed Bai Suzhen
 38768 | Vaults:2 | Killed Bai Suzhen
 38871 | Vaults:2 | Noticed Mara
 38872 | Vaults:2 | Found a glowing golden altar of the Shining One.
 38872 | Vaults:2 | Found a white marble altar of Elyvilon.
 38876 | Vaults:2 | Killed Mara
 38877 | Vaults:2 | Reached XP level 22. HP: 152/152 MP: 37/37
 38886 | Vaults:2 | Found a glowing silver altar of Zin.
 38886 | Vaults:2 | Found a crumbling gateway.
 38951 | Desolati | Entered the Desolation of Salt
 39032 | Desolati | Identified the +10 battleaxe of the Final Decision {holy,
                  | rN+ Int+4 Dex+3 SInv}
 39112 | Desolati | Reached skill level 1 in Shields
 39375 | Desolati | Identified the +0 plate armour "Weago" {Slay+6}
 39395 | Desolati | Found the +3 pair of gauntlets of War {Slay+5}
 39398 | Desolati | Got Lehudib's Thoughts on Ashen Battle Magic
 39682 | Desolati | Identified the amulet "Ebimuj" {Faith rC++}
 39718 | Desolati | Identified the +1 robe "Urih" {rN+ Int+3 Dex-2}
 39756 | Desolati | Got the Volume of Radiant Glaciation
 39773 | Desolati | Identified the ring of Ixkukalo {rF+ rN++ Int-3 Dex+6}
 39851 | Vaults:2 | Found Apu Lish's Magic Scroll Shoppe.
 39859 | Vaults:2 | Bought a scroll of enchant armour for 142 gold pieces
 39859 | Vaults:2 | Bought a scroll of teleportation for 57 gold pieces
 39884 | Vaults:2 | Found Todan's Distillery.
 39913 | Vaults:2 | Bought a potion of haste for 160 gold pieces
 39913 | Vaults:2 | Bought a potion of haste for 160 gold pieces
 39929 | Vaults:2 | Identified the +0 scale mail of the Minstrel {Int+4 Dex+3
                  | Slay+3}
 40110 | Vaults:2 | Reached skill level 5 in Shields
 40324 | Vaults:2 | Found Nitep's Jewellery Shop.
 40529 | Vaults:2 | Found Vaypij's Weapon Emporium.
 41569 | Vaults:3 | Found a staircase to the Crypt.
 41837 | Vaults:3 | Reached skill level 10 in Shields
 43122 | Depths:1 | Entered Level 1 of the Depths
 43141 | Depths:1 | Reached XP level 23. HP: 156/156 MP: 38/38
 43165 | Depths:1 | Found a stormy altar of Qazlal.
 43645 | Depths:1 | Found a gateway to Hell.
 44483 | Depths:2 | Found a one-way gate leading to the halls of Pandemonium.
 44618 | Depths:2 | Found a one-way gate to the infinite horrors of the Abyss.
 44762 | Depths:3 | Found a one-way gateway to a ziggurat.
 44810 | Depths:3 | Noticed a caustic shrike
 44818 | Depths:3 | Killed a caustic shrike
 44912 | Depths:3 | Noticed a caustic shrike
 44926 | Depths:3 | Killed a caustic shrike
 44944 | Depths:3 | Found Etilofats's Book Shop.
 45008 | Depths:3 | Noticed a caustic shrike
 45017 | Depths:3 | Killed a caustic shrike
 45042 | Depths:3 | Found an iron altar of Okawaru.
 45202 | Depths:3 | Noticed a caustic shrike
 45215 | Depths:3 | Killed a caustic shrike
 45289 | Depths:3 | Found an opulent altar of Gozag.
 45321 | Depths:3 | Acquired 1113 gold pieces
 45388 | Depths:3 | Found Oggaehu's Distillery.
 45393 | Depths:3 | Bought a potion of heal wounds for 60 gold pieces
 45393 | Depths:3 | Bought a potion of might for 48 gold pieces
 45393 | Depths:3 | Bought a potion of curing for 36 gold pieces
 45393 | Depths:3 | Bought a potion of curing for 36 gold pieces
 45393 | Depths:3 | Bought a potion of curing for 36 gold pieces
 46312 | Depths:4 | Entered Level 4 of the Depths
 46397 | Depths:4 | Reached XP level 24. HP: 154/168 MP: 38/38
 46508 | Depths:4 | Identified the +1 robe of Card Tricks {+Blink}
 46728 | Depths:4 | Noticed Boris
 46751 | Depths:4 | Killed Boris
 46840 | Depths:4 | Found a gate to the Realm of Zot.
 46958 | Depths:4 | Reached skill level 15 in Shields
 47003 | Depths:4 | Found a glowing silver altar of Zin.
 47016 | Depths:4 | Found Wiext's Hallowed Reliquary.
 47032 | Depths:4 | Bought a potion of heal wounds for 75 gold pieces
 47032 | Depths:4 | Bought a potion of curing for 45 gold pieces
 47032 | Depths:4 | Bought a potion of curing for 45 gold pieces
 47228 | Depths:4 | Noticed the Enchantress
 47253 | Depths:4 | Killed the Enchantress
 47975 | Crypt:1  | Entered Level 1 of the Crypt
 49151 | Crypt:2  | Found an ancient bone altar of Kikubaaqudgha.
 49707 | Crypt:3  | Entered Level 3 of the Crypt
 50133 | Crypt:3  | Found a basalt altar of Yredelemnul.
 50217 | Crypt:3  | Reached XP level 25. HP: 173/173 MP: 39/39
 50756 | Crypt:3  | Found a staircase to the Tomb.
 50904 | Crypt:3  | Identified the +10 whip of Kubboan {heavy, Fly}
 50982 | Crypt:3  | Identified the +3 scimitar of Temperance {spect, Fly rN+
                  | Str-2}
 50998 | Crypt:3  | Identified the +0 scale mail of the Lair of Beasts {Will-
                  | Int+4}
 51427 | Zot:1    | Entered Level 1 of the Realm of Zot
 51795 | Zot:1    | Identified the ring of Gozag's Esteem {Ice SInv}
 51795 | Zot:1    | Noticed Josephina
 51810 | Zot:1    | Killed Josephina
 54251 | Zot:2    | Reached XP level 26. HP: 179/179 MP: 40/40
 54623 | Zot:3    | Noticed Grunn
 54636 | Zot:3    | Killed Grunn
 54660 | Zot:3    | Noticed a Killer Klown
 54679 | Zot:3    | Killed a Killer Klown
 54943 | Zot:3    | Reached skill level 27 in Invocations
 55101 | Zot:3    | Reached skill level 1 in Evocations
 55990 | Vaults:4 | Noticed Mennas
 56010 | Vaults:4 | Reached skill level 5 in Evocations
 56046 | Vaults:4 | Killed Mennas
 56880 | Vaults:4 | Found Piulom's General Store.
 56884 | Vaults:4 | Bought 2 potions of magic for 208 gold pieces
 57623 | Zot:3    | Acquired 927 gold pieces
 57847 | Zot:3    | Noticed an orb of fire
 57851 | Zot:3    | Noticed an ancient lich
 57874 | Zot:3    | Gained mutation: You are frail. (-10% HP) [an orb of fire]
 57878 | Zot:3    | Killed an orb of fire
 57881 | Zot:3    | Killed an ancient lich
 58746 | Zot:4    | Found the +4 dragonskin cloak
 58746 | Zot:4    | Noticed Tiamat
 58782 | Zot:4    | Reached XP level 27. HP: 92/167 MP: 22/40
 58784 | Zot:4    | Killed Tiamat
 59302 | Zot:4    | Noticed an orb of fire
 59304 | Zot:4    | Gained mutation: You occasionally lose the ability to read
                  | scrolls when taking damage. [an orb of fire]
 59310 | Zot:4    | Gained mutation: You are clumsy. (Dex -2) [an orb of fire]
 59316 | Zot:4    | Gained mutation: You sometimes lose the ability to read
                  | scrolls when taking damage. [an orb of fire]
 59325 | Zot:4    | Killed an orb of fire
 59326 | Zot:4    | Lost mutation: You are clumsy. (Dex -2) [potion of
                  | mutation]
 59326 | Zot:4    | Lost mutation: Your flesh is heat resistant. (rF+) [potion
                  | of mutation]
 59326 | Zot:4    | Lost mutation: You are frail. (-10% HP) [potion of
                  | mutation]
 59326 | Zot:4    | Gained mutation: You are clumsy. (Dex -2) [potion of
                  | mutation]
 59326 | Zot:4    | Gained mutation: You have a pair of small horns on your
                  | head. [potion of mutation]
 59327 | Zot:4    | Lost mutation: You have a pair of small horns on your head.
                  | [potion of mutation]
 59327 | Zot:4    | Lost mutation: You are clumsy. (Dex -2) [potion of
                  | mutation]
 59327 | Zot:4    | Gained mutation: You occasionally shout uncontrollably at
                  | your foes. [potion of mutation]
 59327 | Zot:4    | Gained mutation: You passively dampen the noise of your
                  | surroundings. [potion of mutation]
 59328 | Zot:4    | Lost mutation: You passively dampen the noise of your
                  | surroundings. [potion of mutation]
 59328 | Zot:4    | Lost mutation: Your spells are a little harder to cast, but
                  | a little more powerful. [potion of mutation]
 59328 | Zot:4    | Lost mutation: You sometimes lose the ability to read
                  | scrolls when taking damage. [potion of mutation]
 59328 | Zot:4    | Gained mutation: You are somewhat resistant to further
                  | mutation. [potion of mutation]
 59456 | Zot:4    | Found the +10 dark maul {heavy}
 60112 | Zot:4    | Noticed an orb of fire
 60127 | Zot:4    | Gained mutation: Your magical capacity is low. (-10% MP)
                  | [an orb of fire]
 60128 | Zot:4    | Gained mutation: You are weak. (Str -2) [an orb of fire]
 60133 | Zot:4    | Killed an orb of fire
 60217 | Zot:5    | Entered Level 5 of the Realm of Zot
 60547 | Zot:5    | Noticed an orb of fire
 60550 | Zot:5    | Noticed an orb of fire
 60550 | Zot:5    | Noticed a dread lich
 60552 | Zot:5    | Noticed an orb of fire
 60552 | Zot:5    | Noticed an orb of fire
 60557 | Zot:5    | Killed an orb of fire
 60567 | Zot:5    | Killed an orb of fire
 60570 | Zot:5    | Lost mutation: You are somewhat resistant to further
                  | mutation. [an orb of fire]
 60579 | Zot:5    | Killed an orb of fire
 60584 | Zot:5    | Killed a dread lich
 60586 | Zot:5    | Gained mutation: Potions are less effective at restoring
                  | your health. [an orb of fire]
 60589 | Zot:5    | Killed an orb of fire
 60890 | Zot:5    | Noticed an orb of fire
 60895 | Zot:5    | Noticed an orb of fire
 60898 | Zot:5    | Gained mutation: Armour fits poorly on your strangely
                  | shaped body. [an orb of fire]
 60901 | Zot:5    | Noticed an orb of fire
 60904 | Zot:5    | Killed an orb of fire
 60915 | Zot:5    | Lost mutation: You occasionally lose the ability to read
                  | scrolls when taking damage. [an orb of fire]
 60932 | Zot:5    | Gained mutation: Your body sometimes deteriorates upon
                  | taking damage. [an orb of fire]
 60936 | Zot:5    | Killed an orb of fire
 60947 | Zot:5    | Gained mutation: Your spells are a little easier to cast,
                  | but a little less powerful. [an orb of fire]
 60948 | Zot:5    | Gained mutation: You are dopey. (Int -2) [an orb of fire]
 60956 | Zot:5    | Killed an orb of fire
 61224 | Zot:5    | Lost mutation: Potions are less effective at restoring your
                  | health. [potion of mutation]
 61224 | Zot:5    | Lost mutation: Armour fits poorly on your strangely shaped
                  | body. [potion of mutation]
 61224 | Zot:5    | Lost mutation: You are weak. (Str -2) [potion of mutation]
 61224 | Zot:5    | Gained mutation: You are very dopey. (Int -4) [potion of
                  | mutation]
 61224 | Zot:5    | Gained mutation: You are robust. (+10% HP) [potion of
                  | mutation]
 61225 | Zot:5    | Lost mutation: You are robust. (+10% HP) [potion of
                  | mutation]
 61225 | Zot:5    | Lost mutation: Your body sometimes deteriorates upon taking
                  | damage. [potion of mutation]
 61225 | Zot:5    | Gained mutation: You have sharp toenails. [potion of
                  | mutation]
 61225 | Zot:5    | Gained mutation: You are vulnerable to cold. (rC-) [potion
                  | of mutation]
 61225 | Zot:5    | Gained mutation: You are agile. (Dex +4, Str/Int -1)
                  | [potion of mutation]
 61816 | Crypt:3  | Lost mutation: Your spells are a little easier to cast, but
                  | a little less powerful. [potion of mutation]
 61816 | Crypt:3  | Lost mutation: You are vulnerable to cold. (rC-) [potion of
                  | mutation]
 61816 | Crypt:3  | Lost mutation: You are agile. (Dex +4, Str/Int -1) [potion
                  | of mutation]
 61816 | Crypt:3  | Gained mutation: You have a pair of small antennae on your
                  | head. [potion of mutation]
 61817 | Crypt:3  | Lost mutation: Your magical capacity is low. (-10% MP)
                  | [potion of mutation]
 61817 | Crypt:3  | Lost mutation: You occasionally shout uncontrollably at
                  | your foes. [potion of mutation]
 61817 | Crypt:3  | Lost mutation: You have sharp toenails. [potion of
                  | mutation]
 61817 | Crypt:3  | Gained mutation: You are agile. (Dex +4, Str/Int -1)
                  | [potion of mutation]
 61817 | Crypt:3  | Gained mutation: You have an increased reservoir of magic.
                  | (+10% MP) [potion of mutation]
 61818 | Crypt:3  | Lost mutation: You have a pair of small antennae on your
                  | head. [potion of mutation]
 61818 | Crypt:3  | Lost mutation: You have an increased reservoir of magic.
                  | (+10% MP) [potion of mutation]
 61818 | Crypt:3  | Lost mutation: You are agile. (Dex +4, Str/Int -1) [potion
                  | of mutation]
 61818 | Crypt:3  | Gained mutation: Your flesh is cold resistant. (rC+)
                  | [potion of mutation]
 61818 | Crypt:3  | Gained mutation: You have sharp toenails. [potion of
                  | mutation]
 62157 | Temple   | Entered the Ecumenical Temple
 62432 | Vaults:2 | Bought a scroll of fog for 76 gold pieces
 62432 | Vaults:2 | Bought a scroll of immolation for 76 gold pieces
 62918 | Zot:5    | Got the Orb of Zot
 63631 | Tomb:1   | Entered Level 1 of the Tomb of the Ancients
 63661 | Tomb:1   | Noticed Rialij the pandemonium lord
 63673 | Tomb:1   | Killed Rialij the pandemonium lord
 63835 | Tomb:1   | Noticed Xoitry the pandemonium lord
 63835 | Tomb:1   | Noticed an ancient lich
 63840 | Tomb:1   | Killed an ancient lich
 63858 | Tomb:1   | Killed Xoitry the pandemonium lord
 63869 | Tomb:1   | Reached skill level 15 in Dodging
 63916 | Tomb:1   | Noticed Avafriy the pandemonium lord
 63928 | Tomb:1   | Killed Avafriy the pandemonium lord
 63986 | Tomb:1   | Noticed Zuenn the pandemonium lord
 64001 | Tomb:1   | Killed Zuenn the pandemonium lord
 64096 | Tomb:1   | Noticed a royal mummy
 64101 | Tomb:1   | Noticed a royal mummy
 64115 | Tomb:1   | Killed a royal mummy
 64117 | Tomb:1   | Killed a royal mummy
 64155 | Tomb:1   | Noticed a royal mummy
 64179 | Tomb:1   | Killed a royal mummy
 64257 | Tomb:1   | Noticed a royal mummy
 64339 | Tomb:1   | Noticed Meq Udam the pandemonium lord
 64349 | Tomb:1   | Killed Meq Udam the pandemonium lord
 64381 | Tomb:1   | Noticed Xuep the pandemonium lord
 64401 | Tomb:1   | Killed Xuep the pandemonium lord
 64417 | Tomb:1   | Killed a royal mummy
 64895 | Tomb:2   | Noticed a royal mummy
 64895 | Tomb:2   | Noticed a royal mummy
 64897 | Tomb:2   | Noticed a royal mummy
 64900 | Tomb:2   | Noticed a royal mummy
 64903 | Tomb:2   | Killed a royal mummy
 64904 | Tomb:2   | Killed a royal mummy
 64904 | Tomb:2   | Killed a royal mummy
 64907 | Tomb:2   | Noticed Boris
 64910 | Tomb:2   | Killed a royal mummy
 64919 | Tomb:2   | Killed Boris
 65069 | Tomb:2   | Noticed Zell the pandemonium lord
 65083 | Tomb:2   | Killed Zell the pandemonium lord
 65256 | Tomb:1   | Noticed Zutuliatta the pandemonium lord
 65263 | Tomb:1   | Killed Zutuliatta the pandemonium lord
 65356 | Tomb:1   | Noticed a royal mummy
 65357 | Tomb:1   | Noticed a royal mummy
 65367 | Tomb:1   | Killed a royal mummy
 65374 | Tomb:1   | Killed a royal mummy
 65377 | Tomb:1   | Noticed a royal mummy
 65381 | Tomb:1   | Noticed a royal mummy
 65391 | Tomb:1   | Killed a royal mummy
 65394 | Tomb:1   | Noticed a royal mummy
 65395 | Tomb:1   | Killed a royal mummy
 65404 | Tomb:1   | Noticed a royal mummy
 65409 | Tomb:1   | Noticed a royal mummy
 65415 | Tomb:1   | Killed a royal mummy
 65418 | Tomb:1   | Killed a royal mummy
 65467 | Tomb:1   | Killed a royal mummy
 65509 | Tomb:1   | Noticed a royal mummy
 65522 | Tomb:1   | Killed a royal mummy
 65646 | Tomb:1   | Noticed Boris
 65653 | Tomb:1   | Gained mutation: You occasionally lose the ability to drink
                  | potions when taking damage. [a neqoxec]
 65654 | Tomb:1   | Killed Boris
 65654 | Tomb:1   | Noticed a royal mummy
 65672 | Tomb:1   | Noticed a royal mummy
 65686 | Tomb:1   | Killed a royal mummy
 65686 | Tomb:1   | Lost intelligence.
 65692 | Tomb:1   | Killed a royal mummy
 65703 | Tomb:1   | Noticed a royal mummy
 65709 | Tomb:1   | Noticed a royal mummy
 65715 | Tomb:1   | Killed a royal mummy
 65718 | Tomb:1   | Killed a royal mummy
 65722 | Tomb:1   | Noticed a royal mummy
 65733 | Tomb:1   | Killed a royal mummy
 65911 | Tomb:2   | Gained mutation: You occasionally lose the ability to read
                  | scrolls when taking damage. [mutagenic glow]
 65932 | Tomb:1   | Noticed Voivipt the pandemonium lord
 65945 | Tomb:1   | Gained mutation: Your magical capacity is low. (-10% MP)
                  | [mutagenic glow]
 65961 | Tomb:1   | Killed Voivipt the pandemonium lord
 66157 | Tomb:1   | Noticed Boris
 66169 | Tomb:1   | Killed Boris
 66704 | Tomb:2   | Noticed Fide the pandemonium lord
 66730 | Tomb:2   | Killed Fide the pandemonium lord
 66745 | Tomb:2   | Reached skill level 27 in Shields
 66839 | Tomb:3   | Entered Level 3 of the Tomb of the Ancients
 66903 | Tomb:3   | Noticed Boris
 66907 | Tomb:3   | Killed Boris
 66939 | Tomb:3   | Noticed a royal mummy
 66940 | Tomb:3   | Noticed a royal mummy
 66940 | Tomb:3   | Noticed a royal mummy
 67055 | Tomb:2   | Noticed Wiecreff the pandemonium lord
 67073 | Tomb:2   | Killed Wiecreff the pandemonium lord
 67105 | Tomb:3   | Noticed a royal mummy
 67106 | Tomb:3   | Noticed a royal mummy
 67108 | Tomb:3   | Noticed a royal mummy
 67108 | Tomb:3   | Noticed a royal mummy
 67108 | Tomb:3   | Killed a royal mummy
 67108 | Tomb:3   | Noticed a royal mummy
 67111 | Tomb:3   | Killed a royal mummy
 67113 | Tomb:3   | Found the +10 morningstar "Eos" {elec, Halo rElec}
 67114 | Tomb:3   | Noticed a royal mummy
 67268 | Tomb:3   | Killed a royal mummy
 67268 | Tomb:3   | Killed a royal mummy
 67274 | Tomb:3   | Killed a royal mummy
 67275 | Tomb:3   | Killed a royal mummy
 67276 | Tomb:3   | Killed a royal mummy
 67438 | Tomb:3   | Killed a royal mummy
 67454 | Tomb:3   | Killed a royal mummy
 67542 | Tomb:3   | Identified the +6 falchion of Slime {flame, *Rage Fragile
                  | rF+++ Int+6}
 67556 | Tomb:3   | Identified the ring of Hattu {rPois Str+3 Dex+2}
 67559 | Tomb:3   | Identified the ring "Harrakyn" {MP+9 Int+4}
 67561 | Tomb:3   | Identified the +9 long sword "Uraghui" {speed, Stlth+}
 67566 | Tomb:3   | Noticed Goxow the pandemonium lord
 67597 | Tomb:3   | Killed Goxow the pandemonium lord
 67638 | Tomb:3   | Identified the ring "Zotun Bay" {rElec Int+6 SInv}
 67689 | Tomb:3   | Got a golden rune of Zot
 68025 | Vaults:3 | Noticed Ugad the pandemonium lord
 68042 | Vaults:3 | Killed Ugad the pandemonium lord
 68060 | Vaults:3 | Reached skill level 27 in Fighting
 68072 | Vaults:3 | Noticed a seraph
 68280 | D:8      | Noticed Boris
 68412 | D:$      | Escaped with the Orb!

Illustrated notes

Levels and vault maps discovered:
D:1:      roderic_crossed_star, layout_basic, basic_ecumenical_altar
D:2:      layout_rooms, uniq_jessica
D:3:      layout_basic, overflow_temple_1_default,
          mainiacjoe_overflow_concentric_impassable, kennysheep_generic_room_15
D:4:      layout_basic, marbit_many_paths, minmay_manual_mail,
          uniq_blork_the_orc, uniq_grinder
D:5:      layout_loops_corners, zin_angel, nzn_wu_jian_council_hall,
          nicolae_wormholes
D:6:      layout_loops_ring, mainiacjoe_overflow_paths
D:7:      layout_loops_ring, riverfiend_overflow_shadow_ancestor,
          gammafunk_temple_overflow_wave, minmay_temple_entry_fiery,
          uniq_menkaure, uniq_prince_ribbit1
D:8:      cheibrodos_fertilizer, layout_basic, makhleb_altar_promises_db,
          dpeg_lair_monsters, serial_shops, nicolae_shop_industrial_runoff,
          eino_small_chamber_without_monster, uniq_joseph
D:9:      minmay_the_grid_3x2 [minmay_the_grid_fan, minmay_the_grid_pillar_ring,
          minmay_the_grid_dragon_a, minmay_the_grid_broken_lines,
          minmay_the_grid_holed_spiral, minmay_the_grid_prize_trominoes],
          layout_rooms, nicolae_uskayaw_suspiria,
          nicolae_elyvilon_peaceful_grove, serial_shops,
          nicolae_shop_real_fake_doors, uniq_maurice, uniq_maggie,
          uniq_gastronok, uniq_erolcha, uniq_harold
D:10:     layout_gridville, hiddenorc1_lemuel, enter_bailey_2,
          minmay_joined_circles
D:11:     nicolae_cairo_tiling_very_big, layout_cave_pools
D:12:     layout_irregular_city, hangedman_glass_teeth,
          kennysheep_generic_room_6, uniq_rupert, uniq_kirke
D:13:     layout_loops_corners, hangedman_vaults_entry_quadrant_bands,
          cheibriados_altar_1
D:14:     layout_big_octagon, portal_ice_cave_entry_frozen_things,
          nicolae_trove_entry_crossroad, minmay_misc_feat_five, uniq_jorgrun,
          uniq_lodul
D:15:     grunt_enter_depths_hoard, layout_basic, nicolae_sextant,
          nicolae_figureground_sparkle
Temple:   hellmonk_temple_forest_ring
Lair:1:   layout_gridlike, small_statue_intersection, lemuel_oklob_altar
Lair:2:   nzn_winding_woodlands_huge [nzn_winding_woodlands_5x15_eye,
          nzn_winding_woodlands_5x15_split_checker,
          nzn_winding_woodlands_5x15_default,
          nzn_winding_woodlands_5x15_pockets,
          nzn_winding_woodlands_5x15_sidewinder,
          nzn_winding_woodlands_5x15_sawtooth,
          nzn_winding_woodlands_5x15_jagged, nzn_winding_woodlands_5x15_zeroes,
          nzn_winding_woodlands_5x15_crooked,
          nzn_winding_woodlands_5x15_lazy_stream,
          nzn_winding_woodlands_center_garden,
          nzn_winding_woodlands_center_triple_pond,
          nzn_winding_woodlands_15x15_killbox], layout_cave_shapes,
          minmay_snake_entry_guardpost_large, dreamdust_deal_with_the_devil
Lair:3:   layout_roguey, minmay_swamp_entry_swarm, enter_volcano_3
Lair:4:   layout_roguey, dpeg_slime_entry_corner, hangedman_tree_tricks,
          serial_bayou_shore_a, uniq_sonja
Lair:5:   guppyfry_lair_end_dragon, layout_big_grid, wormcave,
          grunt_megastairs_1
Swamp:1:  layout_basic_swamp, nicolae_swamp_long_stream,
          infiniplex_staircase_pool_2, uniq_aizul, uniq_nikola
Swamp:2:  layout_basic_swamp, hangedman_swamp_ruin_wall, swamp_pool4
Swamp:3:  layout_basic_swamp, evilmike_swamp_ruin_rubble_1, water_boxes_lemuel,
          uniq_mlioglotl
Swamp:4:  grunt_swamp_rune_castle, layout_basic_swamp, swamp_pool1,
          cheibrodos_swamp_minitomb
Snake:1:  layout_misc_corridors, nicolae_snake_snakes_in_the_grass
Snake:2:  layout_chambers
Snake:3:  layout_cave_shapes
Snake:4:  grunt_snake_rune_pools, layout_rooms, nicolae_snake_omega,
          uniq_roxanne, uniq_asterion
Orc:1:    layout_diamond_mine
Orc:2:    grunt_orc_tribal_feast, layout_diamond_mine, serial_shops, shop
Elf:1:    minmay_elf_arrival_summoners, layout_geoelf_grid,
          gammafunk_ghost_grave, basic_altar, hangedman_elf_represent
Elf:2:    nicolae_elf_blades_splatter_lattice [grunt_blade_entry_basic],
          layout_geoelf_octagon, serial_shops, nicolae_stop_n_shop_2,
          nicolae_shop_i_like_small_books_too, lemuel_upstairs_altar,
          minmay_shop_grove, uniq_donald
Elf:3:    grunt_elf_hall_spiral, layout_geoelf_grid, serial_glass,
          glass_columns_a, glass_columns_a, serial_shops,
          nicolae_shop_tiny_real_fake_doors
Vaults:1: nicolae_vaults_steering_wheel, v_pattern_3,
          nicolae_vaults_shipping_containers_2, nicolae_vaults_little_squares_1,
          v_misc_4, ontoclasm_vaults_ring_large, nicolae_vaults_two_Ls,
          nicolae_vaults_sightless_eye, ontoclasm_vaults_decontamination,
          nicolae_vaults_house_2, nicolae_vaults_network_periphery,
          nicolae_vaults_diamond_2, hangedman_vaults_trim, nicolae_vaults_prndl,
          layout_vaults_omnibox
Vaults:2: portal_desolation_entry_holy_temple, nicolae_vaults_three_branches,
          v_misc_31, nicolae_vaults_disjoint_gnomons,
          nicolae_vaults_cornered_office, ontoclasm_vaults_eye,
          dpeg_vaults_monster_row, v_misc_17, nicolae_vaults_trapezoid_4,
          ontoclasm_vaults_ring_small, layout_vaults_omnicross, serial_shops,
          shop, shop, nicolae_shop_statue_plus, shop, uniq_mara, uniq_bai_suzhen
Vaults:3: nicolae_vaults_alarming, nicolae_vaults_little_guard_posts, v_rooms_2,
          nicolae_vaults_tetromino_L_1, v_misc_11, blue_anna_dwarven_crypt,
          v_rooms_3, nicolae_vaults_tetromino_T_1, nicolae_vaults_heist,
          nicolae_vaults_diamond_1, hangedman_vaults_maws,
          ontoclasm_vaults_shuriken, layout_vaults_big_room
Vaults:4: vaults_room_corners, nicolae_vaults_apartment_2,
          hangedman_vaults_nails, nicolae_vaults_tetromino_Z_1,
          nicolae_vaults_little_squares_5, nicolae_vaults_network_star,
          nicolae_vaults_octothorpe, ontoclasm_vaults_idyll,
          vaults_standard_mumra_x, vaults_room_pool, layout_vaults_omnigrid,
          serial_shops, nicolae_shop_back_alley_shop, uniq_mennas
Crypt:1:  layout_catacombs
Crypt:2:  layout_regular_city, basic_altar, grunt_ministairs_5,
          corexii_leaking_fountain
Crypt:3:  church_of_pain_bobbens, layout_chaotic_city,
          tomb_entry_sphere_bobbens, chequers_hall_statues_y, feat_on_display
Tomb:1
Tomb:2
Tomb:3
Depths:1: layout_cave_pools, pf_coc_iceberg, nrook_mini_vaults, hex_large,
          nicolae_qazlal_scattered_showers
Depths:2: regret_index_uskayaw_diablada_macabre, layout_cave_pools, abyss_entry,
          hell_entry, grunt_pan_entry_in_and_out, serial_glass, glass_columns_c,
          glass_columns_a, glass_columns_a, glass_columns_a, kennysheep_dice
Depths:3: minmay_connected_boxes_in_corner, layout_basic, enter_ziggurat_e,
          serial_shops, shop, nicolae_shop_competitors_out_of_business,
          rand_demon_pan_entry_5, lemuel_doored_altar, abyss_entry, hell_entry,
          argonaut_fire_from_heaven
Depths:4: evilmike_zot_entry_basic, layout_honeycomb, nrook_pool_corridor,
          grunt_mini_vestibule, grunt_ministairs_11, st_stairs_10,
          nicolae_good_shop, uniq_boris, uniq_enchantress
Zot:1:    layout_basic, grunt_megastairs_5, uniq_josephina
Zot:2:    layout_gridlike, grunt_megastairs_2
Zot:3:    grunt_deathspiral_small, layout_cathedral_of_symmetry, uniq_grunn
Zot:4:    layout_gridlike, st_stairs_9, hangedman_player_shredder, uniq_tiamat
Zot:5:    layout_twisted_circle

Skill      XL: |  1  2  3  4  5  6  7  8  9 10 11 12 13 14 15 16 17 18 19 20 21 22 23 24 25 26 27 |
---------------+----------------------------------------------------------------------------------+-----
Stealth        | 1 2 |  2.1
Maces & Flails | 4 5 6 7 8 10 12 13 14 15 16 18 19 20 | 20.0
Fighting       | 3 4 5 6 7 9 10 12 13 14 15 16 17 19 20 21 22 27 | 27.0
Invocations    | 1 3 4 5 7 8 10 11 13 14 15 16 17 20 21 22 23 24 26 27 | 27.0
Dodging        | 3 5 7 8 10 12 16 | 16.1
Armour         | 6 7 9 11 12 16 18 22 | 22.1
Shields        | 11 14 17 19 20 27 | 27.0
Evocations     | 7 |  7.7
Throwing       | |  1.7

Action                     |  1- 3 |  4- 6 |  7- 9 | 10-12 | 13-15 | 16-18 | 19-21 | 22-24 | 25-27 || total
---------------------------+-------+-------+-------+-------+-------+-------+-------+-------+-------++-------
  Melee: Flail             |    82 |   128 |   348 |   432 |   110 |       |       |       |       ||  1100
         Punch             |       |     4 |     9 |     8 |     3 |       |       |    16 |       ||    40
         Great mace        |       |       |       |       |  1091 |  1535 |  1416 |   302 |       ||  4344
         Sacred scourge    |       |       |       |       |       |       |       |  1946 |  3942 ||  5888
  Throw: Javelin           |       |     1 |     2 |     4 |     6 |     3 |     1 |     1 |     1 ||    19
         Throwing net      |       |     2 |     2 |     1 |     2 |       |       |       |       ||     7
 Invoke: Divine Shield     |       |     2 |     3 |     6 |     9 |     5 |    10 |     4 |    10 ||    49
         Cleansing Flame   |       |       |       |     3 |     5 |    11 |    11 |    15 |    88 ||   133
         Summon Divine War |       |       |       |       |       |     4 |     4 |     3 |    18 ||    29
         Brand Weapon With |       |       |       |       |       |     1 |       |       |       ||     1
  Evoke: Wand              |       |       |       |     6 |     2 |       |     3 |     1 |       ||    12
         Phial of floods   |       |       |       |       |       |     1 |     1 |     1 |     2 ||     5
         Lightning rod     |       |       |       |       |       |       |       |       |     4 ||     4
    Use: Scroll            |     1 |     4 |     4 |    12 |    10 |    19 |    11 |    14 |    21 ||    96
         Potion            |       |       |       |     3 |     9 |     5 |     7 |     1 |    45 ||    70
   Stab: Sleeping          |     1 |       |       |       |       |       |       |       |       ||     1
 Armour: Leather armour    |    36 |    55 |       |       |       |       |       |       |       ||    91
         Ring mail         |       |     1 |   136 |   135 |       |       |       |       |       ||   272
         Acid dragon scale |       |       |       |    38 |   611 |   158 |       |       |       ||   807
         Scale mail        |       |       |       |       |       |   629 |   588 |       |       ||  1217
         Pearl dragon scal |       |       |       |       |       |       |   284 |   930 |  1329 ||  2543
  Dodge: Dodged            |    69 |   107 |   141 |   168 |   721 |  1487 |  1026 |   992 |  1213 ||  5924
  Block: Other             |       |     8 |    70 |   176 |   423 |   463 |   432 |    82 |       ||  1654
         Reflection        |       |       |       |    13 |     5 |    24 |    21 |       |       ||    63
         Tower shield      |       |       |       |       |       |       |       |  1232 |  3991 ||  5223
